 Dungeon Crawl Stone Soup version 0.28.0-47-ge53b351184 (webtiles) character file.

Game seed: 4919075147470899566

301 101zpm the Magician (level 6, -3/60 HPs)
             Began as a Djinni Fire Elementalist on May 4, 2022.
             Engulfed by a cloud of flame (7 damage)
             ... on level 4 of the Dungeon.
             The game lasted 00:04:35 (5093 turns).

101zpm the Magician (Djinni Fire Elementalist)      Turns: 5093, Time: 00:04:35

Health: -3/60      AC: 23    Str:  7    XL:     6   Next: 64%
Gold:   159        EV:  2    Int: 19    God:
                   SH:  0    Dex: 13

rFire   . . .      SeeInvis .   (no weapon)
rCold   . . .      Faith    .   (no shield)
rNeg    . . .      Spirit   .   (armour currently unavailable)
rPois   ∞          Reflect  .   (helmet currently unavailable)
rElec   .          Harm     .   (cloak currently unavailable)
rCorr   .          Rampage  .   (gloves currently unavailable)
Will    .....      NoTele   +   (boots unavailable)
Stlth   ++........              (no amulet)
HPRegen 0.20/turn               (no ring)
MPRegen 0.00/turn               (no ring)

@: tree-form
A: stationary, stasis, torment immunity, boosted hp, sickness immunity, (fire
resistance 2), (cold vulnerability 1), float, innate caster, HP casting, extra
vitality 1
a: no special abilities


You were on level 4 of the Dungeon.
You were a tree.
You visited 1 branch of the dungeon, and saw 4 of its levels.

You collected 159 gold pieces.

Inventory:

Armour
 a - a +0 robe (melded)
 b - a +0 cloak (melded)
Scrolls
 c - 3 scrolls of identify {unknown}
 d - a scroll of holy word {unknown}
 l - a scroll of enchant weapon {unknown}
 n - a scroll of noise {unknown}
Potions
 e - a potion of haste {unknown}
 f - a potion of flight {unknown}
 g - 4 potions of heal wounds {unknown}
 h - a potion of magic {unknown}
 i - 2 potions of mutation {unknown}
 j - a potion of invisibility {unknown}
 k - a potion of degeneration {unknown}
 m - a potion of might {unknown}


   Skills:
 + Level 2.3 Dodging
 + Level 2.5 Stealth
 + Level 5.0 Spellcasting


You couldn't memorise any spells.
You knew the following spells:

 Your Spells              Type           Power      Damage    Failure   Level
a - Foxfire               Conj/Fire      92%        2x1d8     1%          1
b - Scorch                Fire           46%        2d7       2%          2
c - Conjure Flame         Conj/Fire      23%        6-21      4%          3
d - Inner Flame           Hex/Fire       23%        N/A       4%          3
e - Flame Wave            Conj/Fire      23%        2d7       16%         4
f - Pain                  Necr           92%        1d8       1%          1
g - Static Discharge      Conj/Air       23%        N/A       2%          2
Your spell library was empty.

Dungeon Overview and Level Annotations

Branches:
Dungeon (4/15)
 Temple: D:4-7

Altars:
Fedhas

Shops:
D:3 [


Innate Abilities, Weirdness & Mutations

You are a tree.
Your roots penetrate the ground, keeping you stationary.
You cannot be teleported.
You are immune to unholy pain and torment.
Your maximum health is greatly increased.
Your equipment is partially melded.
You are immune to sickness and miasma.
You are immune to poison.
((Your flesh is very heat resistant. (rF++)))
((You are vulnerable to cold. (rC-)))
You float through the air rather than walking.
You learn spells naturally, not from books.
Your magical power is your life essence.
You have superior vitality. (+4 MHP)


Message History

Found a robe.
Blork the orc shouts!
Blork the orc is nearby!
Blork the orc is nearby!
You conjure some foxfire!
Blork the orc zaps a wand.
You turn into a tree.
Your +0 cloak melds into your body.
Your +0 robe melds into your body.
Your roots penetrate the ground.
You conjure some foxfire!
The foxfire hits Blork the orc but does no damage.
The foxfire hits Blork the orc.
Blork the orc is lightly wounded.
Blork the orc hits you but does no damage.
Casting: Foxfire (safe; 1% risk of failure)
Confirm with . or Enter, or press ? or * to list all spells.
Aiming: Inner Flame (dangerous; 5% risk of failure)
Press: ? - help, Dir - move target, f - Blork the orc
Aim: Blork the orc, wielding a +3 long sword of holy wrath, wearing a +0 robe and carrying a wand of polymorph (1) (lightly wounded, ally target, chance to affect: 78%) Blork the orc is filled with an inner flame.
The foxfire hits Blork the orc.
Flame seeps out of Blork the orc.
Blork the orc is moderately wounded.
Blork the orc is engulfed in blazing flames.
Flame seeps out of Blork the orc.
Blork the orc completely misses you.
The foxfire hits Blork the orc.
Flame seeps out of Blork the orc.
Blork the orc is severely wounded.
Casting: Inner Flame (dangerous; 5% risk of failure)
Confirm with . or Enter, or press ? or * to list all spells.
Flames lash Blork the orc.
Flame seeps out of Blork the orc.
Blork the orc is almost dead.
Blork the orc's fire resistance burns away.
Blork the orc is engulfed in blazing flames.
Blork the orc explodes!
The fiery explosion engulfs you!!
Your Spellcasting skill increases to level 5!
You cannot move.
You cannot move.
You are engulfed in blazing flames.
You are engulfed in blazing flames.
* * * LOW HITPOINT WARNING * * *
You are engulfed in blazing flames.
You die...

.##.....[...# ####
............# #...
............# #.##
............# ...#...
............# .......
.......§§§..# ...###.#
.......§)§..# .........
.......♣# #####.........
........# #.............
........###.............
...†....................
#.....................§.
#.......)..#####........
#..........#####.....#..
#....................#..
#.......................


There were no monsters in sight!

Vanquished Creatures
  Blork the orc (D:4)
  A jelly (D:2)
  A centaur skeleton (D:4)
  An iguana (D:4)
  2 orc wizards (D:3)
  A hound skeleton (D:4)
  An adder (D:3)
  2 worms (D:4)
  4 dart slugs
  3 orcs
  2 endoplasms
  4 giant cockroaches
  4 goblins
  8 hobgoblins
  3 kobolds
  3 quokkas
  7 ball pythons
  7 bats
  7 frilled lizards
  6 rats
68 creatures vanquished.

Vanquished Creatures (collateral kills)
  7 foxfires (D:3)
7 creatures vanquished.

Vanquished Creatures (others)
  520 foxfires
  A fungus (D:3)
  6 plants (D:3)
527 creatures vanquished.

Grand Total: 602 creatures vanquished

Notes
Turn   | Place    | Note
-------+----------+-------------------------------------------
     0 | D:1      | 101zpm the Djinni Fire Elementalist began the quest for the
                  | Orb.
     0 | D:1      | Reached XP level 1. HP: 15/15 MP: 0/0
   365 | D:1      | Reached XP level 2. HP: 15/21 MP: 0/0
  1060 | D:1      | Reached skill level 3 in Spellcasting
  1241 | D:1      | Reached XP level 3. HP: 20/25 MP: 0/0
  1241 | D:1      | Learned a level 1 spell: Pain
  2095 | D:2      | Identified the +2 robe of Kiufamer {Contam Int+7}
  2470 | D:2      | Reached XP level 4. HP: 3/31 MP: 0/0
  3498 | D:3      | Found a faded altar of an unknown god.
  3967 | D:3      | Reached skill level 4 in Spellcasting
  3967 | D:3      | Reached XP level 5. HP: 28/35 MP: 0/0
  3967 | D:3      | Learned a level 2 spell: Static Discharge
  4183 | D:3      | Found a blossoming altar of Fedhas.
  4400 | D:3      | Found Raenued's Antique Armour Emporium.
  4839 | D:4      | Reached XP level 6. HP: 35/40 MP: 0/0
  5086 | D:4      | Noticed Blork the orc
  5090 | D:4      | Killed Blork the orc
  5091 | D:4      | Reached skill level 5 in Spellcasting
  5093 | D:4      | Engulfed by a cloud of flame

Illustrated notes

Levels and vault maps discovered:
D:1:      lightli_arrival_statue_moat, layout_rooms, minmay_surrounded
D:2:      minmay_chambers_of_twos, layout_basic, minmay_tromino_v4_c
D:3:      layout_basic, fedhas_altar_2,
          shapermc_ecumenical_altar_mp_ritualfount, serial_shops,
          nicolae_shop_hallway_plus, dk_vineyard_2, nrook_campfire,
          chequers_serial_rivers_room_b
D:4:      layout_basic, lightli_sewer_entry_pipes, minmay_diced_spiral,
          uniq_blork_the_orc

Skill      XL: |  1  2  3  4  5  6 |
---------------+-------------------+-----
Spellcasting   | 3 4 5 |  5.0
Stealth        | 2 |  2.5
Dodging        | |  2.3

Action                   |  1- 3 |  4- 6 || total
-------------------------+-------+-------++-------
Melee: Unarmed           |     4 |       ||     4
 Cast: Foxfire           |   137 |   184 ||   321
       Scorch            |     5 |     2 ||     7
       Inner Flame       |       |     1 ||     1
Armor: Robe              |     1 |       ||     1
       Skin              |       |     1 ||     1
Dodge: Dodged            |     2 |     7 ||     9
